 Dungeon Crawl Stone Soup version 0.29.1-15-g9cfb28693d (webtiles) character file.

Game seed: 16439008168165894574

119 croobank the Sneak (level 5, -1/37 HPs)
             Began as an Octopode Delver on Mar 6, 2023.
             Succumbed to a scorpion's poison
             ... on level 5 of the Dungeon.
             The game lasted 00:01:49 (357 turns).

croobank the Sneak (Octopode Delver)                 Turns: 357, Time: 00:01:49

Health: -1/37      AC:  1    Str: 11    XL:     5   Next: 3%
Magic:  5/5        EV: 14    Int: 14    God:
Gold:   29         SH:  0    Dex: 14    Spells: 4/4 levels left

rFire   . . .      SeeInvis .   a - +0 hand axe
rCold   . . .      Faith    .   c - orb {*Rage}
rNeg    . . .      Spirit   .   (helmet restricted)
rPois   .          Reflect  .   (no amulet)
rElec   .          Harm     .   (no ring)
rCorr   .          Rampage  .   (no ring)
Will    .....      Rage     20% (no ring)
Stlth   +++++.....              (no ring)
HPRegen 0.12/turn               (no ring)
MPRegen 0.09/turn               (no ring)
                                (no ring)
                                (no ring)

@: brilliant, lethally poisoned (-1 -> -4), on berserk cooldown, hasted and
slowed
A: almost no armour, amphibious, 8 rings, camouflage 1, gelatinous body 1,
(nimble swimmer 1), tentacles
a: no special abilities


You were on level 5 of the Dungeon.
You visited 1 branch of the dungeon, and saw 2 of its levels.

You collected 29 gold pieces.

Inventory:

Hand Weapons
 a - a +0 hand axe (weapon)
Armour
 c - an orb of wrath (worn)
Wands
 f - a wand of digging (3)
Scrolls
 b - a scroll of fog
 d - a scroll of fear
 i - a scroll of butterflies


   Skills:
 + Level 3.7 Fighting
 + Level 3.0 Axes
 + Level 3.0 Dodging
 + Level 7.4 Stealth


You had 4 spell levels left.
You didn't know any spells.
Your spell library was empty.

Dungeon Overview and Level Annotations

Branches:
Dungeon (6/15)             Temple (0/1) D:5

Altars:


Innate Abilities, Weirdness & Mutations

You cannot wear most types of armour.
You are amphibious.
You can wear up to eight rings at the same time.
Your skin changes colour to match your surroundings (Stealth+).
Your rubbery body absorbs attacks. (AC +1, EV +1)
((You are camouflaged when in or above water. (Stealth+)))
You have tentacles for arms and can constrict up to eight enemies at once.


Message History

* * * LOW HITPOINT WARNING * * *
You feel extremely sick. The scorpion completely misses you.
The scorpion stings you.
* * * LOW HITPOINT WARNING * * *
You are more poisoned.
The scorpion poisons you!
It was a potion of heal wounds.
You feel much better.
You constrict the scorpion.
You feel extremely sick. The scorpion closely misses you. x2
You hit the scorpion but do no damage.
The scorpion is severely wounded.
You constrict the scorpion.
* * * LOW HITPOINT WARNING * * *
You feel extremely sick.
The scorpion stings you but does no damage.
The scorpion barely misses you.
You hit the scorpion but do no damage.
The scorpion is almost dead.
You hear the rusting of a distant drain.
You constrict the scorpion.
You kill the scorpion!
* * * LOW HITPOINT WARNING * * *
You feel very sick.
Your Axes skill increases to level 3!
Your Dodging skill increases to level 3!
You have reached level 5!
You feel agile.
It was a potion of brilliance.
You feel clever all of a sudden.
* * * LOW HITPOINT WARNING * * *
You feel sick.
There is a lethal amount of poison in your body!
As you read the scroll labelled ROTISU QUNUSHRA, it crumbles to dust.
It is a scroll of identify.
i - a scroll of butterflies
* * * LOW HITPOINT WARNING * * *
You feel sick.
You feel yourself speed up.
You die...

,,,,,,,,,,...................##..
,,,,,,,,,##....##............##..
,,**,,,,,#..#...#................
**,**,,,,...#....................
,,,,,,,,,................#.##....
,,,,,,,,,.........###....###*....
,,,,,,,,,...............##***....
*,,,,,,,,##......#.#......,**....
**,,*,,,,,#...#.@#.#.##...,**,***
*****,,,....##..†......*,,,*,***
*,,,...............,,,,,,,*,
**,,...............,,,,,,,,,
****,,..###..........,,,,,,,,,
**,,,,,.**,...........,**,,,,,,
**,,,****,,...........#****,,,,,
*,,,***,,,.#......##..#* *,,,,,,
**,,*,,,,,,,,,,>,****,,***,,,,,,


There were no monsters in sight!

Vanquished Creatures
  2 scorpions (D:5)
  An orc (D:5)
3 creatures vanquished.

Notes
Turn   | Place    | Note
-------+----------+-------------------------------------------
     0 | D:5      | croobank the Octopode Delver began the quest for the Orb.
     0 | D:5      | Reached XP level 1. HP: 16/16 MP: 1/1
    78 | D:6      | Noticed an ogre
   172 | D:5      | Noticed a scorpion
   179 | D:5      | Killed a scorpion
   180 | D:5      | Reached skill level 7 in Stealth
   180 | D:5      | Reached XP level 2. HP: 4/21 MP: 2/2
   180 | D:5      | Reached XP level 3. HP: 4/26 MP: 3/3
   338 | D:5      | Reached XP level 4. HP: 31/31 MP: 4/4
   344 | D:5      | Noticed a scorpion
   354 | D:5      | Killed a scorpion
   355 | D:5      | Reached XP level 5. HP: 5/37 MP: 5/5
   356 | D:5      | HP: 1/37 [poisoned by a scorpion]
   357 | D:5      | Succumbed to a scorpion's poison

Illustrated notes

Levels and vault maps discovered:
D:5:      kennysheep_windowed_halls, layout_cave_pools,
          minmay_temple_entry_mini_moons, gup_sewer_entry_glass,
          minmay_ruined_shrine
D:6:      layout_loops_ring

Skill      XL: |  1  2  3  4 |
---------------+-------------+-----
Stealth        | 7 |  7.4
Axes           | 3 |  3.0
Dodging        | 3 |  3.0
Fighting       | |  3.7

Action                   |  1- 3 |  4- 6 || total
-------------------------+-------+-------++-------
Melee: Hand axe          |     6 |     5 ||    11
       Constrict         |     2 |     1 ||     3
       Tentacles         |     1 |     2 ||     3
  Use: Scroll            |     1 |     1 ||     2
       Potion            |       |     3 ||     3
Armor: Skin              |     1 |     1 ||     2
Dodge: Dodged            |     4 |     7 ||    11
